 Dungeon Crawl Stone Soup version 0.28-a0-382-g33c4956463 (webtiles) character file.

Game seed: 1301247940239025227

211 AarnesTheHuman the Chiller (level 5, -2/40 HPs)
             Began as a Barachi Ice Elementalist on Sept 2, 2021.
             Succumbed to Edmund's poison
             ... on level 4 of the Dungeon.
             The game lasted 00:07:54 (3573 turns).

AarnesTheHuman the Chiller (BaIE)                   Turns: 3573, Time: 00:07:55

Health: -2/40      AC:  9    Str:  9    XL:     5   Next: 88%
Magic:  0/9        EV: 11    Int: 16    God:
Gold:   178        SH:  8    Dex: 13    Spells: 9/10 levels left

rFire   + . .      SeeInvis .   b - +2 dagger (speed)
rCold   . . .      Faith    .   j - +0 buckler
rNeg    . . .      Spirit   .   p - +0 leather armour
rPois   .          Reflect  .   (no helmet)
rElec   .          Harm     .   (no cloak)
rCorr   .          Rampage  .   (no gloves)
Will    .....                   t - +1 pair of boots
Stlth   ++........              (no amulet)
HPRegen 0.13/turn               f - ring of protection from fire
MPRegen 0.11/turn               i - +4 ring of protection

@: brilliant, lethally poisoned (-2 -> -18), very slightly contaminated, hasted,
quick
A: amphibious, slowness 1, strong legs 1, +LOS, large bone plates 1, mutation
resistance 1
a: Hop


You were on level 4 of the Dungeon.
You visited 1 branch of the dungeon, and saw 4 of its levels.

You collected 178 gold pieces.

Inventory:

Hand Weapons
 a - a +0 hunting sling
 b - a +2 dagger of speed (weapon)
 c - a +0 dagger
 o - a +2 short sword of venom
Missiles
 h - 102 stones (quivered)
 m - 15 sling bullets
Armour
 j - a +0 buckler (worn)
 p - a +0 leather armour (worn)
 t - a +1 pair of boots (worn)
 u - a +0 robe
Jewellery
 f - a ring of protection from fire (left hand)
 i - a +4 ring of protection (right hand)
Scrolls
 k - 2 scrolls of holy word
 n - a scroll of summoning
Potions
 d - 2 potions of mutation
 r - a potion of degeneration {unknown}
 s - a potion of heal wounds {unknown}


   Skills:
 + Level 2.9 Fighting
 - Level 2.1 Dodging
 - Level 1.7 Stealth
 * Level 1.5 Shields
 + Level 3.3 Spellcasting
 * Level 6.6 Ice Magic


You had 9 spell levels left.
You knew the following spells:

 Your Spells              Type           Power      Damage    Failure   Level
a - Freeze                Ice            100%       1d11      2%          1

Your spell library contained the following spells:

 Spells                   Type           Power      Damage    Failure   Level
 Frozen Ramparts          Ice            70%        1d9       7%          3
 Ozocubu's Armour         Ice            35%        N/A       7%          3
 Slow                     Hex            3%         N/A       47%         2
 Hailstorm                Conj/Ice       19%        3d6       65%         4
 Confusing Touch          Hex            3%         N/A       71%         3
 Gell's Gravitas          Tloc           1%         N/A       71%         3
 Teleport Other           Tloc           3%         N/A       71%         3
 Vampiric Draining        Necr           1%         2d6       71%         3
 Dispersal                Tloc           1%         N/A       100%        6


Dungeon Overview and Level Annotations

Branches:
Dungeon (4/15)
 Temple: D:4-7

Altars:

Annotations:
D:4 1 transporter, Edmund


Innate Abilities, Weirdness & Mutations

You are amphibious.
You cover ground slowly.
You can hop short distances.
You have an extended range of vision and can be seen from far away.
You are partially covered in large bone plates. (SH +4)
You are somewhat resistant to further mutation.


Message History

Casting: Freeze (safe; 2% risk of failure)
Confirm with . or Enter, or press ? or * to list all spells.
Aiming: Freeze (safe; 2% risk of failure)
Press: ? - help, Shift-Dir - straight line, f/p - Edmund
Aim: Edmund, wielding a +0 dire flail of venom and wearing a +0 leather armour (severely wounded)
You freeze Edmund.
Edmund is almost dead.
You feel sick. Edmund hits you but does no damage.
You are more poisoned.
You closely miss Edmund.
Edmund is almost dead.
You feel sick.
You completely miss Edmund.
Edmund is almost dead.
You feel sick.
Edmund hits you with a +0 dire flail of venom.
You are lethally poisoned!
You closely miss Edmund.
Edmund is almost dead.
You feel very sick. Edmund barely misses you.
You closely miss Edmund.
Edmund is almost dead.
* * * LOW HITPOINT WARNING * * *
You feel very sick. Edmund hits you but does no damage.
You are more poisoned.
It was a potion of mutation.
You feel extremely strange.
Large bone plates grow over parts of your arms.
You feel genetically stable.
* * * LOW HITPOINT WARNING * * *
You feel very sick. You block Edmund's attack.
It was a potion of brilliance.
You feel clever all of a sudden.
* * * LOW HITPOINT WARNING * * *
You feel very sick. Edmund misses you.
It was a potion of haste.
You feel yourself speed up.
You die...

# # ### ## #. ##.. . #.
... .# #. #.##.#
###.########## #.... #
.............###.@####.#
....##<......##.@....#.#
...........<.##........#
..##.........##.#....###
..##.#.......##.###<.#
.....#.......##......#
.............####.#.###
..##.#.......###......#
.......###.......####.#
.####.#♣.###...###..#.#


You could see Edmund.

Vanquished Creatures
  A centaur skeleton (D:3)
  Jessica (D:2)
  Terence (D:3)
  6 adders
  An ufetubus (D:3)
  A worm (D:2)
  2 dart slugs (D:1)
  8 orcs
  2 ball pythons
  9 bats
  3 endoplasms
  2 giant cockroaches
  4 hobgoblins
  4 kobolds
  2 quokkas (D:2)
  4 frilled lizards
  4 goblins
  3 rats
58 creatures vanquished.

Vanquished Creatures (collateral kills)
  A ball python (D:4)
  An endoplasm (D:4)
2 creatures vanquished.

Grand Total: 60 creatures vanquished

Notes
Turn   | Place    | Note
-------+----------+-------------------------------------------
     0 | D:1      | AarnesTheHuman the Barachi Ice Elementalist began the quest
                  | for the Orb.
     0 | D:1      | Reached XP level 1. HP: 13/13 MP: 3/3
   314 | D:1      | Reached skill level 5 in Ice Magic
   352 | D:1      | Reached XP level 2. HP: 20/20 MP: 0/5
   622 | D:1      | Reached skill level 1 in Fighting
  1427 | D:2      | Reached XP level 3. HP: 26/26 MP: 3/6
  1711 | D:2      | Noticed Jessica
  1716 | D:2      | Killed Jessica
  1717 | D:2      | Reached XP level 4. HP: 33/33 MP: 6/8
  1723 | D:2      | Reached skill level 6 in Ice Magic
  2218 | D:3      | Reached XP level 5. HP: 28/39 MP: 9/9
  2439 | D:3      | Found a faded altar of an unknown god.
  2439 | D:3      | Noticed an Executioner
  2451 | D:3      | Noticed Terence
  2458 | D:3      | Killed Terence
  2687 | D:3      | You fall into a shaft and drop 1 floor!
  2687 | D:4      | Found a transporter.
  2741 | D:3      | Reached skill level 1 in Shields
  3555 | D:4      | Noticed Edmund
  3571 | D:4      | Gained mutation: You are partially covered in large bone
                  | plates. (SH +4) [potion of mutation]
  3571 | D:4      | Gained mutation: You are somewhat resistant to further
                  | mutation. [potion of mutation]
  3572 | D:4      | HP: 2/40 [poisoned by Edmund]
  3573 | D:4      | Succumbed to Edmund's poison

Illustrated notes

Levels and vault maps discovered:
D:1:      nicolae_arrival_somewhat_less_tricky_arrival, layout_loops_ring
D:2:      layout_rooms, uniq_jessica
D:3:      layout_basic, dreamdust_ecumenical_altar_sealed_demon,
          minmay_misc_feat_more_columns, uniq_terence
D:4:      layout_loops_cross, gammafunk_ghost_abyssal_escape, uniq_edmund

Skill      XL: |  1  2  3  4  5 |
---------------+----------------+-----
Ice Magic      | 5 6 |  6.6
Fighting       | 1 2 |  2.9
Spellcasting   | 3 |  3.3
Shields        | 1 |  1.5
Dodging        | |  2.1
Stealth        | |  1.7

Action                   |  1- 3 |  4- 6 || total
-------------------------+-------+-------++-------
Melee: Dagger            |    20 |    59 ||    79
 Cast: Freeze            |    33 |    48 ||    81
  Use: Scroll            |       |     6 ||     6
       Potion            |       |     3 ||     3
 Stab: Sleeping          |     3 |     3 ||     6
Armor: Robe              |     6 |    19 ||    25
       Leather armour    |       |    33 ||    33
Dodge: Dodged            |    27 |    52 ||    79
Block: Buckler           |       |    10 ||    10

Table legend: (Time is in decaauts)
 A = Elapsed time spent in this place.
 B = Non-inter-level travel time spent in this place.
 C = Inter-level travel time spent in this place.
 D = Time resting spent in this place.
 E = Time spent auto-exploring this place.
 F = Levels seen in this place.
 G = Mean time per level.
                   A        B        C        D        E       F      G
               +--------+--------+--------+--------+--------+-----+--------+
         Total |   3974 |   3832 |    142 |    207 |   2961 |   4 |  993.5 |
       Dungeon |   3974 |   3832 |    142 |    207 |   2961 |   4 |  993.5 |
               +--------+--------+--------+--------+--------+-----+--------+

Top non-repeatable levels by time:
     D:1: 1584 daAuts
     D:3: 1220 daAuts
     D:2: 723 daAuts
     D:4: 445 daAuts
